 Dungeon Crawl Stone Soup version 0.31.0-4-g52a2dc7128 (webtiles) character file.

Game seed: 13196093131844012268

778 Arctor the Shooter (level 8, 0/48 HPs)
             Began as a Kobold Hexslinger on Jan 22, 2024.
             Slain by Dowan
             ... wielding a +0 dagger
              (5 damage)
             ... on level 5 of the Dungeon.
             The game lasted 00:05:33 (4492 turns).

Arctor the Shooter (Kobold Hexslinger)              Turns: 4492, Time: 00:05:33

Health: 0/48       AC:  4    Str:  5    XL:     8   Next: 10%
Magic:  20/22      EV: 17    Int: 15    God:
Gold:   313        SH:  5    Dex: 19    Spells: 12/14 levels left

rFire   + . .        a - +2 sling (drain)
rCold   + . .        (no shield)
rNeg    . . .        c - +1 robe
rPois   +            (helmet restricted)
rElec   +            (no cloak)
rCorr   +            (no gloves)
SInv    .            y - +0 pair of boots
Will    +....        m - amulet of reflection
Stlth   +++          u - ring of magical power
HPRegen 0.28/turn    s - ring of willpower
MPRegen 0.18/turn

%: reflection
@: brilliant, resistant, weak-willed, enlightened, flying, hasted, very quick
A: small, no large weapons, nightstalker 3, horns 1, subdued magic 1
a: no special abilities


You were on level 5 of the Dungeon.
You visited 1 branch of the dungeon, and saw 5 of its levels.
You also visited: Sewer.

You collected 313 gold pieces.

Inventory:

Hand Weapons
 a - a +2 sling of draining (weapon)
Armour
 c - a +1 robe (worn)
 y - a +0 pair of boots (worn)
Jewellery
 l - a ring of flight
 m - an amulet of reflection (around neck)
 s - a ring of willpower (right hand)
 u - a ring of magical power (left hand)
 z - a ring of see invisible
Wands
 e - a wand of flame (23)
 o - a wand of digging (2)
Scrolls
 b - a scroll of poison
 d - 2 scrolls of enchant armour
 g - 2 scrolls of immolation
 i - a scroll of silence
 j - 4 scrolls of teleportation
 k - 3 scrolls of fog
 n - a scroll of acquirement
 q - 3 scrolls of revelation
 x - a scroll of noise {unknown}
Potions
 h - a potion of mutation
 p - a potion of haste
 r - 2 potions of brilliance
 v - a potion of curing {unknown}
 w - a potion of invisibility {unknown}


   Skills:
 + Level 3.7 Fighting
 + Level 5.2 Ranged Weapons
 + Level 4.7 Dodging
 + Level 3.5 Spellcasting
 + Level 4.4 Hexes
 + Level 3.3 Fire Magic


You had 12 spell levels left.
You knew the following spells:

 Your Spells              Type           Power      Damage    Failure   Level
a - Jinxbite              Hex            36%        N/A       3%          2

Your spell library contained the following spells:

 Spells                   Type           Power      Damage    Failure   Level
 Sigil of Binding         Hex            18%        N/A       7%          3
 Inner Flame              Hex/Fire       16%        N/A       10%         3
 Cause Fear               Hex            9%         N/A       26%         4
 Dimensional Bullseye     Hex/Tloc       5%         N/A       54%         4


Dungeon Overview and Level Annotations

Branches:
Dungeon (5/15)             Temple (0/1) D:5           Sewer (visited)

Altars:
Qazlal

Shops:
D:1 ((:   D:2 !

Annotations:
D:5 1 runed translucent door, Dowan; LoggersVIII's ghost, amateur OpEE


Innate Abilities, Weirdness & Mutations

You are small and have problems with some larger weapons.
You are completely attuned to the shadows.
You have a pair of small horns on your head.
Your spells are a little easier to cast, but a little less powerful.


Message History

You shoot a sling bullet.
The sling bullet hits Duvessa but does no damage.
Duvessa is moderately wounded.
Duvessa closely misses you.
You shoot a sling bullet.
The sling bullet closely misses Duvessa.
The sling bullet barely misses Dowan.
You shoot a sling bullet.
The sling bullet hits Duvessa but does no damage.
You drain Duvessa.
Duvessa is heavily wounded.
Duvessa hits you with a +0 rapier.
* * * LOW HITPOINT WARNING * * *
It was a potion of brilliance.
You feel clever all of a sudden. Duvessa hits you with a +0 rapier.
* * * LOW HITPOINT WARNING * * *
Okay, then.
It was a potion of enlightenment.
You feel very buoyant.
You fly up into the air.
Duvessa barely misses you.
Okay, then.
You shoot a sling bullet. The sling bullet hits Duvessa.
Duvessa is heavily wounded.
A giggling sprite leaps out and insults Duvessa's ancestors.
Duvessa is severely wounded.
Duvessa barely misses you.
You shoot a sling bullet. The sling bullet hits Duvessa.
You drain Duvessa.
Duvessa is almost dead.
A giggling sprite leaps out and insults Duvessa's ancestors.
You kill Duvessa!
Dowan's eyes darken. "You have made a grave mistake."
Dowan seems to find hidden reserves of power!
The jinxing sprites lose interest in you.
Dowan mumbles some strange words.
Dowan blinks!
You have reached level 8!
You shoot a sling bullet. The sling bullet barely misses Dowan.
Dowan hits you with a +0 dagger.
You die...

.#.........#.#
.#.........#.#########
.....................#
.#.........#.#######.#
.###########.# #.#
......# #.## #.#
...##.# #..# #.#
#...#.######..######.#
##..#.........§)@e...#
⌠#...######...########
##...# #...# #....#
#e..# .....# #...).#
..#.## #..)#.# ....#
#...#.# #...## #..). #
#.#..####.


You could see Dowan (fast).

Vanquished Creatures
  Duvessa (D:5)
  A black bear (D:5)
  2 kobold brigands (Sewer)
  4 bombardier beetles
  2 hounds (D:5)
  An orc priest (D:4)
  Ijyb (D:3)
  An iguana (D:3)
  5 adders
  A river rat (D:3)
  A shadow imp (D:5)
  A white imp (D:5)
  3 dart slugs
  3 ribbon worms
  3 orcs
  15 ball pythons
  9 endoplasms
  5 giant cockroaches
  10 goblins
  7 hobgoblins
  5 quokkas
  9 bats
  3 frilled lizards (D:1)
  13 kobolds
  9 rats
115 creatures vanquished.

Notes
Turn   | Place    | Note
-------+----------+-------------------------------------------
     0 | D:1      | Arctor the Kobold Hexslinger began the quest for the Orb.
     0 | D:1      | Reached XP level 1. HP: 12/12 MP: 2/2
    34 | D:1      | Found Giss's Antique Weapon Emporium.
    62 | D:1      | Reached XP level 2. HP: 12/16 MP: 3/3
    95 | D:1      | Reached skill level 3 in Ranged Weapons
   376 | D:1      | Reached XP level 3. HP: 20/20 MP: 5/5
   379 | D:1      | Learned a level 2 spell: Jinxbite
   383 | D:1      | Found Diysh's Book Emporium.
   493 | D:1      | Found Maeno's Antique Weapon Emporium.
   840 | D:2      | Found a faded altar of an unknown god.
   894 | D:2      | Reached XP level 4. HP: 26/26 MP: 6/6
  1076 | D:2      | Found a stormy altar of Qazlal.
  1229 | D:2      | Found Cirupagowi's Distillery.
  2013 | D:3      | Reached XP level 5. HP: 11/30 MP: 3/8
  2018 | D:3      | Identified a scroll of acquirement
  2121 | D:3      | Found a glowing drain.
  2127 | Sewer    | Entered a sewer
  2240 | Sewer    | Noticed a kobold brigand
  2247 | Sewer    | Killed a kobold brigand
  2248 | Sewer    | Reached skill level 4 in Ranged Weapons
  2248 | Sewer    | Reached XP level 6. HP: 24/36 MP: 6/9
  2687 | D:3      | Noticed Ijyb
  2705 | D:3      | Killed Ijyb
  3274 | D:4      | Reached XP level 7. HP: 41/41 MP: 11/11
  3985 | D:5      | Entered Level 5 of the Dungeon
  4033 | D:5      | Found a staircase to the Ecumenical Temple.
  4174 | D:5      | Found a runed translucent door.
  4174 | D:5      | Noticed LoggersVIII's ghost (amateur OpEE)
  4273 | D:5      | Reached skill level 5 in Ranged Weapons
  4466 | D:5      | Noticed Duvessa
  4470 | D:5      | Noticed Dowan
  4477 | D:5      | Gained mutation: Your spells are a little easier to cast,
                  | but a little less powerful. [potion of mutation]
  4477 | D:5      | Gained mutation: You have a pair of small horns on your
                  | head. [potion of mutation]
  4491 | D:5      | Killed Duvessa
  4492 | D:5      | Reached XP level 8. HP: 4/48 MP: 13/13
  4492 | D:5      | Slain by Dowan

Illustrated notes

Levels and vault maps discovered:
D:1:      dpeg_arrival_rooms_a, layout_basic, serial_shops, shop,
          nicolae_lakefront_shop, shop, item_on_display_b
D:2:      minmay_general_purpose_star, layout_basic, basic_altar,
          hellmonk_ecumenical_altar_arch_garden, serial_shops,
          nicolae_shop_just_a_little_nook
D:3:      layout_rooms, serial_glass, glass_columns_a, glass_columns_a,
          minmay_strange_pillars, feat_on_display, due_unseen_surprise,
          feat_on_display, portal_sewer_entry_b, kennysheep_cross_bottleneck,
          uniq_ijyb
D:4:      layout_cave_pools, nicolae_overflow_hidden_temple,
          nicolae_hexahallways
D:5:      layout_basic, mainiacjoe_overflow_alcove_4,
          minmay_temple_entry_large_hall, hellmonk_ghost_happy_afterlife,
          uniq_grinder, uniq_duvessa

Skill      XL: |  1  2  3  4  5  6  7 |
---------------+----------------------+-----
Ranged Weapons | 3 4 5 |  5.2
Dodging        | 3 4 |  4.7
Fighting       | 2 3 |  3.7
Spellcasting   | 2 3 |  3.5
Fire Magic     | 2 3 |  3.3
Hexes          | 4 |  4.4

Action                     |  1- 3 |  4- 6 |  7- 9 || total
---------------------------+-------+-------+-------++-------
   Fire: Sling             |    96 |   156 |   103 ||   355
   Cast: Jinxbite          |       |     8 |     1 ||     9
    Use: Scroll            |       |     8 |     1 ||     9
         Potion            |       |     1 |     5 ||     6
 Armour: Robe              |    21 |    43 |    28 ||    92
  Dodge: Dodged            |    60 |    80 |    40 ||   180
  Block: Other             |       |    15 |     7 ||    22
         Reflection        |       |     1 |       ||     1
